 Dungeon Crawl Stone Soup version 0.31-a0-128-g25add195a6 (webtiles) character file.

Game seed: 6290645083308024419

88 freelancePsychic the Ruffian (level 4, 0/21 HPs)
             Began as a Vine Stalker Chaos Knight on June 1, 2023.
             Was a Plaything of Xom.
             Constricted to death by a naga (3 damage)
             ... on level 4 of the Dungeon.
             The game lasted 00:04:59 (2480 turns).

freelancePsychic the Ruffian (VSCK)                 Turns: 2480, Time: 00:05:00

Health: 0/21       AC:  6    Str: 16    XL:     4   Next: 53%
Magic:  0/5        EV:  7    Int: 12    God:    Xom [.....*]
Gold:   19         SH:  0    Dex: 14    Spells: 3/3 levels left

rFire   . .          .
                       - Unarmed
rCold   . . .        (no shield)
rNeg    . . .        g - +0 ring mail
rPois   .            (helmet restricted)
rElec   .            (no cloak)
rCorr   .            (no gloves)
SInv    +            i - +0 pair of boots
Will    +....        (no amulet)
Stlth   +            l - ring of see invisible
HPRegen 1.03/turn    (no ring)
MPRegen 0.09/turn

%: clarity, guardian spirit
@: hasted, constricted, very quick
A: fangs 2, regeneration 1, magic shield, antimagic bite, no potion heal 2,
hooves 2, horns 2, clarity, frail 1, strong-willed 1, MP-powered wands, noise
suppression
a: Renounce Religion


You were on level 4 of the Dungeon.
You worshipped Xom.
You were Xom's teddy bear.
You visited 1 branch of the dungeon, and saw 4 of its levels.

You collected 203 gold pieces.
You spent 184 gold pieces at shops.

Inventory:

Armour
 a - a +2 leather armour
 g - a +0 ring mail (worn)
 i - a +0 pair of boots (worn)
Jewellery
 l - a ring of see invisible (left hand)
Scrolls
 e - a scroll of poison
 o - a scroll of teleportation {unknown}
Potions
 d - a potion of enlightenment
 h - a potion of curing {unknown}
 m - a potion of attraction {unknown}
Miscellaneous
 b - a piece from Xom's chessboard (12/15)


   Skills:
 + Level 3.2 Fighting
 + Level 1.5 Throwing
 - Level 1.5 Armour
 - Level 0.7 Dodging
 * Level 4.2 Unarmed Combat


You had 3 spell levels left.
You didn't know any spells.
Your spell library contained the following spells:

 Spells                   Type           Power      Damage    Failure   Level
 Kiss of Death            Conj/Necr      0%         2d5       52%         1
 Sandblast                Erth           0%         2d4       52%         1
 Passwall                 Tmut/Erth      0%         N/A       67%         2
 Confusing Touch          Hex            0%         N/A       88%         3
 Stone Arrow              Conj/Erth      0%         3d7       88%         3
 Dispel Undead            Necr           0%         3d6       99%         4


Dungeon Overview and Level Annotations

Branches:
Dungeon (4/15)
 Temple: D:4-7

Altars:
Ashenzari
Elyvilon
Kikubaaqudgha
Okawaru
Sif Muna
Yredelemnul

Shops:
D:2 [   D:3 !

Annotations:
D:2 Ijyb
D:3 Natasha


Innate Abilities, Weirdness & Mutations

You have extremely sharp teeth.
Your natural rate of healing is unusually fast.
When hurt, damage is shared between your health and your magic reserves.
Your bite disrupts and absorbs the magic of your enemies.
Potions cannot restore your health.
You have hoof-like feet.
You have a pair of horns on your head.
You possess an exceptional clarity of mind.
You are frail. (-10% HP)
You are strong-willed. (Will+)
You expend magic power (3 MP) to strengthen your wands.
You passively dampen the noise of your surroundings.


Message History

You emit a cloud of colourful smoke!
The naga grabs you. The naga constricts you.
The naga hits you but does no damage. The naga constricts you.
The naga's grasp on you weakens, but your attempt to escape fails.
The naga hits you! The naga constricts you.
You escape the naga's grasp.
The naga spits poison at you.
The splash of poison hits you but does no damage.
You are poisoned.
The worm bites you.
You feel sick. "Let me alter your pitiful body."
Your body is suffused with distortional energy.
You feel strong-willed.
You feel your surroundings grow quieter.
Your thoughts seem clearer.
Your feet thicken and deform.
The naga attacks as you move away! The naga barely misses you.
The naga misses you.
You feel sick.
Unknown command.
Unknown command.
You feel yourself speed up.
You feel sick. The naga hits you.
* * * LOW HITPOINT WARNING * * *
The naga barely misses you.
You feel sick.
Throw: dart (datura)
Press: ? - help, Q - select action, (/) - cycle Shift-Dir - straight line, f - worm
Aim: a worm (magical condensation, lightly wounded, inner flame, strong, 78% to hit, chance to frenzy on hit: 61%)
You throw a datura-tipped dart. The datura-tipped dart hits the worm.
The worm flies into a frenzy!
The worm is lightly wounded.
You feel sick.
You are no longer poisoned. "Hum-dee-hum-dee-hum..."
The worm is moving more slowly.
The naga hits you but does no damage. The naga grabs you.
The naga constricts you.
* * * LOW HITPOINT WARNING * * *
You open the door. The naga barely misses you. The naga constricts you.
You die...
Xom snickers!

#########
#..<..§.### #
#.....#○..# .#
#.....#.w.# ..#
#.....#...#...#
#...>.#.N@'>..#
#..)..#..##..##
.....###### ##
.....#


You could see a naga (fast, inner flame) and a neutral worm (fast, inner flame,
strong, insane, petrifying).

Vanquished Creatures
  4 adders
  4 ball pythons
  6 bats
  8 endoplasms
  4 giant cockroaches
  3 goblins
  5 hobgoblins
  5 kobolds
  A quokka (D:1)
  3 frilled lizards
  3 rats
46 creatures vanquished.

Notes
Turn   | Place    | Note
-------+----------+-------------------------------------------
     0 | D:1      | freelancePsychic the Vine Stalker Chaos Knight began the
                  | quest for the Orb.
     0 | D:1      | Reached XP level 1. HP: 11/11 MP: 2/2
    46 | D:1      | You fall into a shaft and drop 1 floor!
    51 | D:2      | Found a white marble altar of Elyvilon.
   207 | D:1      | Reached XP level 2. HP: 13/16 MP: 1/3
   714 | D:1      | Reached XP level 3. HP: 17/20 MP: 4/4
   762 | D:1      | XOM is BORED!
   762 | D:1      | XOM: silly message
   958 | D:2      | XOM: noise
   965 | D:2      | Reached skill level 1 in Throwing
  1028 | D:2      | XOM: god gift: fuming green potion {god gift}
  1076 | D:2      | Found Kesoat's Armour Shop.
  1080 | D:2      | Bought a +0 pair of boots for 54 gold pieces
  1296 | D:2      | XOM: give mutations
  1296 | D:2      | Gained mutation: Your mind is acute. (Int +4, Str/Dex -1)
                  | [Xom's mischief]
  1296 | D:2      | Gained mutation: You have hidden genetic defects. [Xom's
                  | mischief]
  1407 | D:2      | XOM: polymorph giant cockroach -> adder
  1418 | D:2      | Reached skill level 4 in Unarmed Combat
  1427 | D:2      | Gained mutation: You are frail. (-10% HP) [hidden defects]
  1456 | D:2      | Gained mutation: Your natural rate of healing is unusually
                  | fast. [Vine Stalker growth]
  1456 | D:2      | Reached XP level 4. HP: 21/21 MP: 5/5
  1497 | D:2      | Lost mutation: Your mind is acute. (Int +4, Str/Dex -1)
                  | [hidden defects]
  1497 | D:2      | Lost mutation: You have hidden genetic defects. [hidden
                  | defects expressed]
  1531 | D:2      | XOM: cloud trail
  1589 | D:2      | XOM: divination: detect items
  1603 | D:2      | XOM: scenery: 1 doors close
  1816 | D:2      | Found a faded altar of an unknown god.
  1918 | D:2      | XOM: god gift: 3 datura-tipped darts
  2015 | D:3      | Noticed Natasha
  2021 | D:3      | XOM: summons friendly crimson imp
  2045 | D:3      | Noticed Ijyb
  2239 | D:3      | Found an iron altar of Okawaru.
  2240 | D:3      | XOM: give mutations
  2240 | D:3      | Gained mutation: You have a pair of small horns on your
                  | head. [Xom's grace]
  2240 | D:3      | Gained mutation: You have large cloven feet. [Xom's grace]
  2240 | D:3      | Gained mutation: You have a pair of horns on your head.
                  | [Xom's grace]
  2240 | D:3      | Gained mutation: You expend magic power (3 MP) to
                  | strengthen your wands. [Xom's grace]
  2335 | D:3      | Found a faded altar of an unknown god.
  2340 | D:3      | Found an ancient bone altar of Kikubaaqudgha.
  2433 | D:3      | Found Elo Azyv's Distillery.
  2446 | D:3      | Bought a potion of haste for 130 gold pieces
  2460 | D:3      | Found a shimmering blue altar of Sif Muna.
  2460 | D:3      | Found a broken altar of Ashenzari.
  2460 | D:3      | Found a basalt altar of Yredelemnul.
  2462 | D:4      | Noticed an ogre
  2463 | D:4      | an ogre changed into a naga
  2463 | D:4      | Noticed a naga
  2463 | D:4      | XOM: polymorph ogre -> naga
  2466 | D:4      | XOM: destruction
  2469 | D:4      | XOM: smoke on damage
  2472 | D:4      | XOM: give mutations
  2472 | D:4      | Gained mutation: You are strong-willed. (Will+) [Xom's
                  | grace]
  2472 | D:4      | Gained mutation: You passively dampen the noise of your
                  | surroundings. [Xom's grace]
  2472 | D:4      | Gained mutation: You possess an exceptional clarity of
                  | mind. [Xom's grace]
  2472 | D:4      | Gained mutation: You have hoof-like feet. [Xom's grace]
  2478 | D:4      | XOM: enchant monster (good)
  2480 | D:4      | Constricted to death by a naga

Illustrated notes

Levels and vault maps discovered:
D:1:      minmay_arrival_loop, layout_loops_corners
D:2:      layout_basic, basic_altar, shapermc_ecumenical_altar_hornbeckon,
          serial_shops, shop_fountains, minmay_heptomino_l4
D:3:      layout_rooms, nicolae_overflow_hidden_temple,
          nicolae_overflow_ecumenical_swirl, mainiacjoe_overflow_chevrons,
          serial_shops, shop, uniq_ijyb, uniq_natasha
D:4:      layout_gridville, kennysheep_mini_moat,
          hellmonk_ghost_happy_afterlife, minmay_manual_mares

Skill      XL: |  1  2  3 |
---------------+----------+-----
Fighting       | 3 |  3.2
Throwing       | 1 |  1.5
Unarmed Combat | 4 |  4.2
Armour         | |  1.5
Dodging        | |  0.7

Action                     |  1- 3 |  4- 6 || total
---------------------------+-------+-------++-------
  Melee: Unarmed           |    96 |    44 ||   140
         Bite              |    17 |     5 ||    22
         Punch             |     5 |       ||     5
  Throw: Dart              |    11 |     7 ||    18
  Evoke: Piece from Xom's  |       |     3 ||     3
    Use: Scroll            |     2 |     5 ||     7
         Potion            |     2 |     1 ||     3
 Armour: Leather armour    |    11 |       ||    11
         Ring mail         |     9 |    18 ||    27
  Dodge: Dodged            |    43 |    24 ||    67

Table legend: (Time is in decaauts)
 A = Elapsed time spent in this place.
 B = Non-inter-level travel time spent in this place.
 C = Inter-level travel time spent in this place.
 D = Time resting spent in this place.
 E = Time spent auto-exploring this place.
 F = Levels seen in this place.
 G = Mean time per level.
                   A        B        C        D        E       F      G
               +--------+--------+--------+--------+--------+-----+--------+
         Total |   2472 |   2358 |    114 |      9 |   1912 |   4 |  618.0 |
       Dungeon |   2472 |   2358 |    114 |      9 |   1912 |   4 |  618.0 |
               +--------+--------+--------+--------+--------+-----+--------+

Top non-repeatable levels by time:
     D:2: 1062 daAuts
     D:1: 894 daAuts
     D:3: 498 daAuts
     D:4: 16 daAuts
